 Dungeon Crawl Stone Soup version 0.32-a0-33-g74fbe469d6 (webtiles) character file.

Game seed: 15822838279046778215

48 whatisthis the Shooter (level 3, -1/28 HPs)
             Began as a Human Hexslinger on Jan 21, 2024.
             Slain by Sigmund
             ... wielding a +0 scythe
              (7 damage)
             ... on level 2 of the Dungeon.
             The game lasted 00:03:08 (1278 turns).

whatisthis the Shooter (Human Hexslinger)           Turns: 1278, Time: 00:03:09

Health: -1/28      AC:  6    Str:  8    XL:     3   Next: 72%
Magic:  4/4        EV: 10    Int: 13    God:
Gold:   127        SH:  0    Dex: 21    Spells: 4/4 levels left

rFire   . . .        d - +0 war axe of the Thieving Coward {pain, rPois Dex+4}
rCold   . . .        (no shield)
rNeg    . . .        e - +1 ring mail
rPois   +            (no helmet)
rElec   .            (no cloak)
rCorr   .            (no gloves)
SInv    .            (no boots)
Will    .....        (no amulet)
Stlth   +            (no ring)
HPRegen 0.24/turn    (no ring)
MPRegen 0.09/turn

%: no passive effects
@: mighty
A: explore regen
a: no special abilities


You were on level 2 of the Dungeon.
You visited 1 branch of the dungeon, and saw 2 of its levels.

You collected 127 gold pieces.

Inventory:

Hand Weapons
 a - a +1 sling
 d - the +0 war axe of the Thieving Coward (weapon) {pain, rPois Dex+4}
   (You found it on level 2 of the Dungeon)

   Dex+4:     It affects your dexterity (+4).
   rPois:     It protects you from poison
Armour
 e - a +1 ring mail (worn)
Scrolls
 f - a scroll of immolation {unknown}
 g - a scroll of identify {unknown}
 h - a scroll of vulnerability {unknown}
 i - a scroll of enchant armour


   Skills:
 + Level 2.5 Fighting
 + Level 3.1 Ranged Weapons
 - Level 2.0 Dodging
 - Level 1.0 Spellcasting
 - Level 3.0 Hexes
 - Level 1.0 Fire Magic


You had 4 spell levels left.
You didn't know any spells.
Your spell library contained the following spells:

 Spells                   Type           Power      Damage    Failure   Level
 Jinxbite                 Hex            16%        N/A       36%         2
 Sigil of Binding         Hex            8%         N/A       58%         3
 Inner Flame              Hex/Fire       5%         N/A       75%         3
 Cause Fear               Hex            4%         N/A       94%         4
 Dimensional Bullseye     Hex/Tloc       2%         N/A       99%         4


Dungeon Overview and Level Annotations

Branches:
Dungeon (2/15)

Altars:

Annotations:
D:2 Sigmund


Innate Abilities, Weirdness & Mutations

You regain HP and MP as you explore.


Message History

Fire: a) +1 sling
Press: ? - help, Q - select action Shift-Dir - straight line You shoot a sling bullet.
You hear some strange, mumbled words.
You are confused.
Unknown command.
Non-targeted confused fire: a) +1 sling
Press: ? - help, Q - select action Dir - look around, f - activate You shoot a sling bullet.
Unknown command.
Non-targeted confused fire: a) +1 sling
Press: ? - help, Q - select action Dir - look around, f - activate You shoot a sling bullet.
Unknown command.
You are too confused!
You feel less confused.
As you read the scroll labelled DADUEMI MIAPP, it crumbles to dust.
It is a scroll of enchant armour.
Your +0 ring mail glows green for a moment.
You hear some strange, mumbled words.
You are confused.
You are too confused!
Unknown command.
You are too confused!
You bump into the rock wall.
A magic dart appears from out of thin air!
The magic dart hits you.
* * * LOW HITPOINT WARNING * * *
You feel less confused. Something hits you.
* * * LOW HITPOINT WARNING * * *
Okay, then.
It was a potion of might.
You feel very mighty all of a sudden. Something hits you but does no damage.
You feel agile.
You have a feeling of ineptitude.
d - the +0 war axe of the Thieving Coward (weapon)
{pain, rPois Dex+4} Something hits you!
You die...

#.######## #.# ##
#..(.....# #.# ..####
##..#####.# #.#
.....###...#####.####.#
#.##.##.....##.....|..#
#.##.###...##....######
#.###.##.# ##..#.....#
#.....##.#####.......#
#......{@......###
##.###.##.###########
...........#
############


There were no monsters in sight!

Vanquished Creatures
  2 adders
  A dart slug (D:1)
  A ribbon worm (D:2)
  3 endoplasms
  3 goblins
  A hobgoblin (D:1)
  6 kobolds
  A ball python (D:2)
  3 bats
  3 frilled lizards (D:1)
  3 rats
27 creatures vanquished.

Notes
Turn   | Place    | Note
-------+----------+-------------------------------------------
     0 | D:1      | whatisthis the Human Hexslinger began the quest for the
                  | Orb.
     0 | D:1      | Reached XP level 1. HP: 15/15 MP: 2/2
   179 | D:1      | Reached XP level 2. HP: 21/21 MP: 3/3
   857 | D:1      | Reached XP level 3. HP: 23/27 MP: 4/4
   913 | D:2      | Identified the +0 war axe of the Thieving Coward {pain,
                  | rPois Dex+4}
  1242 | D:2      | Noticed Sigmund
  1278 | D:2      | Slain by Sigmund

Illustrated notes

Levels and vault maps discovered:
D:1:      dpeg_arrival_chambers_temple_mockup, layout_basic
D:2:      layout_loops_corners, minmay_indecisive_spiral, uniq_sigmund

Skill      XL: |  1  2  3 |
---------------+----------+-----
Fighting       | 2 |  2.5
Ranged Weapons | 3 |  3.1
Dodging        | |  2.0
Spellcasting   | |  1.0
Hexes          | |  3.0
Fire Magic     | |  1.0

Action                     || total
---------------------------++-------
   Fire: Sling             ||    91
    Use: Scroll            ||     3
         Potion            ||     1
 Armour: Robe              ||     3
         Ring mail         ||    28
         Leather armour    ||     4
  Dodge: Dodged            ||    29

Table legend: (Time is in decaauts)
 A = Elapsed time spent in this place.
 B = Non-inter-level travel time spent in this place.
 C = Inter-level travel time spent in this place.
 D = Time resting spent in this place.
 E = Time spent auto-exploring this place.
 F = Levels seen in this place.
 G = Mean time per level.
                   A        B        C        D        E       F      G
               +--------+--------+--------+--------+--------+-----+--------+
         Total |   1314 |   1288 |     26 |      0 |   1032 |   2 |  657.0 |
       Dungeon |   1314 |   1288 |     26 |      0 |   1032 |   2 |  657.0 |
               +--------+--------+--------+--------+--------+-----+--------+

Top non-repeatable levels by time:
     D:1: 703 daAuts
     D:2: 611 daAuts
